 Dungeon Crawl Stone Soup version 0.24.1-1-gd1d2a07e1b (webtiles) character file.

Game seed: 13917626459682283037, levelgen mode: deterministic

62 Curus the Distorting Demonspawn (level 3, 0/29 HPs)
             Began as a Demonspawn Abyssal Knight on Apr 9, 2020.
             Was a Believer of Lugonu.
             Slain by a jackal (2 damage)
             ... on level 3 of the Dungeon.
             The game lasted 00:10:14 (1078 turns).

Curus the Distorting Demonspawn (DsAK)              Turns: 1078, Time: 00:10:15

Health: 0/29       AC:  3    Str: 12    XL:     3   Next: 85%
Magic:  6/6        EV: 11    Int: 13    God:    Lugonu [**....]
Gold:   93         SH:  0    Dex: 13    Spells: 2/2 levels left

rFire    . . .     SeeInvis .   a - +1 spear
rCold    . . .     Gourm    .   (no shield)
rNeg     . . .     Faith    .   b - +0 leather armour
rPois    .         Spirit   .   (no helmet)
rElec    .         Reflect  .   (no cloak)
rCorr    .         Harm     .   (no gloves)
MR       .....                  (no boots)
Stlth    +.........             (no amulet)
HPRegen  0.09/turn              (no ring)
MPRegen  0.10/turn              (no ring)

@: lethally poisoned (0 -> -4)
A: spiny 1
a: Depart the Abyss, Bend Space, Renounce Religion


You were on level 3 of the Dungeon.
You worshipped Lugonu.
Lugonu was pleased with you.
You were hungry.

You visited 1 branch of the dungeon, and saw 3 of its levels.
You visited the Abyss 1 time.

You collected 93 gold pieces.

Inventory:

Hand Weapons
 a - a +1 spear (weapon)
Armour
 b - a +0 leather armour (worn)
Scrolls
 d - 3 scrolls of identify
Comestibles
 c - 2 rations


   Skills:
 - Level 3.0 Fighting
 + Level 3.0 Polearms
 - Level 1.7 Armour
 - Level 0.8 Dodging
 + Level 4.2 Invocations


You had 2 spell levels left.
You didn't know any spells.
Your spell library was empty.

Dungeon Overview and Level Annotations

Branches:
Dungeon (3/15)

Altars:

Annotations:
D:2 Jessica, Robin, Sigmund


Innate Abilities, Weirdness & Mutations

You are partially covered in sharp spines.


Message History

You barely miss the jackal.
The jackal is almost dead.
The jackal is struck by your spines.
You kill the jackal!
Lugonu accepts your kill.
Your Polearms skill increases to level 3!
The jackal is struck by your spines. The jackal closely misses you.
You hit the jackal but do no damage.
* * * LOW HITPOINT WARNING * * *
You feel sick.
The jackal bites you but does no damage.
The jackal is struck by your spines.
The jackal bites you but does no damage.
You completely miss the jackal.
The jackal is almost dead.
The jackal is struck by your spines.
You kill the jackal!
Lugonu accepts your kill. The jackal bites you.
You die...

##.###.........
#.......†......
#.####...###....
#...### ##.
###.....## [#
#.........###!.#
..........†.....#
##.......†..##..#
####...#..@h# #
..............#
##.......).#.##
#.##.#.#.##...
......#.#.# ###
##.#..#.#.# #.
#.#.. ###


You could see a jackal.

Vanquished Creatures
  A worker ant (D:3)
  A dart slug (D:1)
  A leopard gecko (D:2)
  4 giant cockroaches
  4 goblins
  3 hobgoblins (D:1)
  4 jackals
  6 kobolds (D:1)
  5 bats
  A frilled lizard (D:3)
  3 rats (D:1)
33 creatures vanquished.

Notes
Turn   | Place    | Note
-------+----------+-------------------------------------------
     0 | Abyss:1  | Curus the Demonspawn Abyssal Knight began the quest for the
                  | Orb.
     0 | Abyss:1  | Reached XP level 1. HP: 18/18 MP: 2/2
    26 | D:1      | Escaped the Abyss
    74 | D:1      | Reached skill level 3 in Invocations
   110 | D:1      | Gained mutation: You are partially covered in sharp spines.
                  | [demonic ancestry]
   110 | D:1      | Reached XP level 2. HP: 22/24 MP: 4/4
   612 | D:1      | Reached ** piety under Lugonu
   949 | D:2      | Reached XP level 3. HP: 29/29 MP: 5/5
   970 | D:2      | Noticed Jessica
   970 | D:2      | Noticed Sigmund
   970 | D:2      | Noticed Robin
  1068 | D:3      | Reached skill level 4 in Invocations
  1078 | D:3      | Slain by a jackal

Levels and vault maps discovered:
D:1:      sevenhm_arrival_forest_fort_small_5, layout_loops_ring,
          minmay_tetromino_l2
D:2:      layout_rooms, first_ration, uniq_jessica, uniq_sigmund, uniq_robin
D:3:      layout_loops_ring, uniq_grinder, uniq_natasha

Skill      XL: |  1  2  3 |
---------------+----------+-----
Polearms       | 2 3 |  3.0
Invocations    | 3 4 |  4.2
Fighting       | |  3.0
Armour         | |  1.7
Dodging        | |  0.8

Action                   || total
-------------------------++-------
Melee: Spear             ||    85
  Use: Scroll            ||     2
       Potion            ||     3
 Stab: Sleeping          ||     1
Armor: Leather armour    ||    14
Dodge: Dodged            ||    30
